 Dungeon Crawl Stone Soup version 0.27-a0-1137-g3ef0f4ec91 (webtiles) character file.

Game seed: 13555211633675235996

28 siradein the Slasher (level 3, -5/31 HPs)
             Began as a Minotaur Fighter on May 6, 2021.
             Slain by Sigmund
             ... wielding a +0 scythe
              (6 damage)
             ... on level 2 of the Dungeon.
             The game lasted 00:02:19 (1588 turns).

siradein the Slasher (Minotaur Fighter)             Turns: 1588, Time: 00:02:20

Health: -5/31      AC: 11    Str: 21    XL:     3   Next: 0%
Magic:  2/2        EV:  4    Int:  5    God:
Gold:   55         SH:  0    Dex:  9    Spells: 2/2 levels left

rFire    . . .     SeeInvis .   a - +0 long sword
rCold    . . .     Faith    .   c - +0 kite shield
rNeg     . . .     Spirit   .   f - +0 plate armour
rPois    .         Reflect  .   (helmet restricted)
rElec    .         Harm     .   (no cloak)
rCorr    .         Rampage  .   (no gloves)
Will     .....                  (no boots)
Stlth    ..........             (no amulet)
HPRegen  0.10/turn              (no ring)
MPRegen  0.08/turn              (no ring)

@: confused
A: horns 2, retaliatory headbutt
a: no special abilities


You were on level 2 of the Dungeon.
You visited 1 branch of the dungeon, and saw 2 of its levels.

You collected 55 gold pieces.

Inventory:

Hand Weapons
 a - a +0 long sword (weapon)
Missiles
 k - 18 bolts
Armour
 c - a +0 kite shield (worn)
 f - a +0 plate armour (worn)
Scrolls
 b - a scroll of identify {unknown}
 e - a scroll of fear {unknown}
 g - a scroll of amnesia {unknown}
 j - a scroll of fog {unknown}
Potions
 d - a potion of might
 h - a potion of lignification {unknown}
 i - a potion of heal wounds {unknown}


   Skills:
 - Level 3.6 Fighting
 + Level 4.3 Long Blades
 - Level 3.6 Armour
 - Level 3.6 Shields


You had 2 spell levels left.
You didn't know any spells.
Your spell library was empty.

Dungeon Overview and Level Annotations

Branches:
Dungeon (2/15)

Altars:

Shops:
D:2 *

Annotations:
D:2 Sigmund


Innate Abilities, Weirdness & Mutations

You have a pair of horns on your head.
You reflexively headbutt those who attack you in melee.


Message History

The ball python bites you but does no damage.
The ball python grabs you. The ball python constricts you.
You hear some strange, mumbled words.
A puff of flame appears from out of thin air!
The puff of flame hits you.
The ball python bites you but does no damage.
The ball python constricts you.
You completely miss something. Your headbutt misses something.
You feel less confused.
The ball python bites you but does no damage.
The ball python constricts you. Something hits you.
You miss something.
The ball python bites you but does no damage.
The ball python constricts you. Something hits you.
The ball python bites you but does no damage.
The ball python constricts you.
You barely miss something.
You hear some strange, mumbled words.
You are confused.
The ball python bites you but does no damage.
The ball python constricts you.
You hear some strange, mumbled words.
You are more confused.
The ball python bites you but does no damage.
The ball python constricts you.
You bump into the rock wall.
Something hits you but does no damage. The ball python bites you.
The ball python constricts you.
You escape the ball python's grasp.
Something hits you.
* * * LOW HITPOINT WARNING * * *
The ball python barely misses you. The ball python grabs you.
The ball python constricts you.
You're too confused to move!
You hear some strange, mumbled words.
A magic dart appears from out of thin air!
The magic dart hits you!
* * * LOW HITPOINT WARNING * * *
The ball python bites you but does no damage.
The ball python constricts you.
You escape the ball python's grasp.
Something hits you.
You die...

#.# #####
#.##.##.# ###
#.##.##.#
#.......#
#######.#### #
#.......# #..
#[#######
#..8###### #.#
#....S..####.##
#...l{.@'.#.#.##
#..8######..###.#
#.. #.# ###.#.##
# #.# ##.## #.#
### ## #.# .# ###
#.# ## #.# #.#
#.# #.#


You could see a ball python and a frilled lizard.

Vanquished Creatures
  A dart slug (D:2)
  2 endoplasms
  A giant cockroach (D:2)
  2 hobgoblins (D:1)
  2 quokkas (D:1)
  4 ball pythons (D:2)
  5 bats
  A frilled lizard (D:1)
  3 goblins
  2 kobolds
  3 rats (D:1)
26 creatures vanquished.

Vanquished Creatures (others)
  5 toadstools (D:1)
5 creatures vanquished.

Grand Total: 31 creatures vanquished

Notes
Turn   | Place    | Note
-------+----------+-------------------------------------------
     0 | D:1      | siradein the Minotaur Fighter began the quest for the Orb.
     0 | D:1      | Reached XP level 1. HP: 19/19 MP: 0/0
    88 | D:1      | Reached skill level 3 in Long Blades
   179 | D:1      | Reached XP level 2. HP: 26/26 MP: 1/1
   769 | D:1      | Found a faded altar of an unknown god.
   933 | D:2      | Reached skill level 4 in Long Blades
  1502 | D:2      | Found Reluplex's General Store.
  1514 | D:2      | Reached XP level 3. HP: 30/31 MP: 2/2
  1575 | D:2      | Noticed Sigmund
  1587 | D:2      | HP: 1/31 [something/magic dart (9)]
  1588 | D:2      | Slain by Sigmund

Illustrated notes

Levels and vault maps discovered:
D:1:      ldierk_walled_garden, layout_loops_cross,
          shapermc_ecumenical_altar_mp_urbaneastern,
          chequers_serial_rivers_room_a, serial_park_tiny_2,
          chequers_serial_rivers_small_b, corexii_leaking_fountain
D:2:      minmay_chambers_of_twos, layout_loops_corners, serial_shops, shop,
          uniq_sigmund

Skill      XL: |  1  2 |
---------------+-------+-----
Long Blades    | 3 4 |  4.3
Fighting       | |  3.6
Armour         | |  3.6
Shields        | |  3.6

Action                   || total
-------------------------++-------
Melee: Long sword        ||    50
       Headbutt          ||     4
Armor: Scale mail        ||     7
       Plate armour      ||    21
Dodge: Dodged            ||     9
Block: Kite shield       ||    26

Table legend: (Time is in decaauts)
 A = Elapsed time spent in this place.
 B = Non-inter-level travel time spent in this place.
 C = Inter-level travel time spent in this place.
 D = Time resting spent in this place.
 E = Time spent auto-exploring this place.
 F = Levels seen in this place.
 G = Mean time per level.
                   A        B        C        D        E       F      G
               +--------+--------+--------+--------+--------+-----+--------+
         Total |   1615 |   1569 |     46 |      0 |   1402 |   2 |  807.5 |
       Dungeon |   1615 |   1569 |     46 |      0 |   1402 |   2 |  807.5 |
               +--------+--------+--------+--------+--------+-----+--------+

Top non-repeatable levels by time:
     D:1: 813 daAuts
     D:2: 802 daAuts
